 Dungeon Crawl Stone Soup version 0.30.0-19-g36f170ea60 (webtiles) character file.

Game seed: 8224902507059437719

250 monsoonserge the Cudgeller (level 5, -1/79 HPs)
             Began as a Troll Berserker on May 29, 2023.
             Was a Believer of Trog.
             Killed from afar by an orc wizard (11 damage)
             ... with a magic dart
             ... on level 5 of the Dungeon.
             The game lasted 00:06:09 (2934 turns).

monsoonserge the Cudgeller (Troll Berserker)        Turns: 2934, Time: 00:06:10

Health: -1/79      AC:  4    Str: 27    XL:     5   Next: 88%
Magic:  4/4        EV: 10    Int:  3    God:    Trog [**....]
Gold:   228        SH:  0    Dex:  9    Spells: 4/4 levels left

rFire   + . .        w - +0 flail
rCold   . . .        (no shield)
rNeg    . . .        o - +0 robe of Defence {Archmagi}
rPois   .            (helmet restricted)
rElec   .            (no cloak)
rCorr   .            (gloves unavailable)
SInv    .            (boots unavailable)
Will    .....        (no amulet) Stlth
                     v - ring of protection from fire
HPRegen 1.13/turn    (no ring)
MPRegen 0.09/turn

%: archmagi
@: berserking, very quick
A: large, unfitting armour, claws 3, regeneration 1, shaggy fur 1, tough skin 1
a: Renounce Religion, Berserk, Trog's Hand


You were on level 5 of the Dungeon.
You worshipped Trog.
Trog was pleased with you.
You visited 1 branch of the dungeon, and saw 5 of its levels.

You collected 228 gold pieces.

Inventory:

Hand Weapons
 w - a +0 flail (weapon)
Missiles
 f - 18 stones
 n - 8 boomerangs (quivered)
 u - a throwing net
 y - 9 poisoned darts
Armour
 o - the +0 robe of Defence (worn) {Archmagi}
   (You found it on level 4 of the Dungeon)

   Archmagi:  It increases the power of your magical spells.
Jewellery
 v - a ring of protection from fire (left claw)
 z - a ring of ice
Wands
 x - a wand of flame (22)
Scrolls
 c - 5 scrolls of identify {unknown}
 e - a scroll of fog {unknown}
 g - a scroll of amnesia {unknown}
 j - a scroll of enchant weapon {unknown}
 l - 2 scrolls of blinking {unknown}
 m - 3 scrolls of noise {unknown}
 s - a scroll of teleportation {unknown}
 t - 2 scrolls of vulnerability {unknown}
Potions
 a - a potion of resistance {unknown}
 d - 3 potions of flight {unknown}
 h - 3 potions of curing {unknown}
 i - 2 potions of attraction {unknown}
 k - a potion of haste {unknown}
 p - a potion of cancellation {unknown}
 r - 2 potions of might {unknown}


   Skills:
 + Level 3.1 Fighting
 + Level 1.9(3.1) Axes
 + Level 4.1(4.4) Maces & Flails
 + Level 0.4 Throwing
 + Level 3.2 Dodging
 + Level 0.4 Stealth


You had 4 spell levels left.
You didn't know any spells.
Your spell library contained the following spells:

 Spells                   Type           Power      Damage    Failure   Level
 Sandblast                Erth           0%         2d4       52%         1
 Summon Small Mammal      Summ           0%         N/A       52%         1
 Passwall                 Tmut/Erth      0%         N/A       67%         2
 Call Canine Familiar     Summ           0%         N/A       88%         3
 Stone Arrow              Conj/Erth      0%         3d7       88%         3
 Summon Guardian Golem    Hex/Summ       0%         N/A       88%         3


Dungeon Overview and Level Annotations

Branches:
Dungeon (5/15)
 Temple: D:4-7

Altars:
Zin


Innate Abilities, Weirdness & Mutations

You are too large for most types of armour.
You have claws for hands.
Your natural rate of healing is unusually fast.
You are covered in fur. (AC +1)
You have tough skin. (AC +1)


Message History

You hit the orc.
The orc is lightly wounded.
The orc hits you with a +0 flail. The orc hits you with a +0 dagger.
You hear some strange, mumbled words.
You are confused.
You bump into the crystal wall.
Something hits you. The orc hits you with a +0 dagger.
The orc closely misses you.
You bump into the crystal wall.
The orc hits you with a +0 dagger. Something hits you but does no damage.
The orc hits you with a +0 flail. Something hits you but does no damage.
You barely miss something. The orc misses you. Something hits you.
The orc hits you but does no damage.
You completely miss something.
You feel less confused. The orc hits you with a +0 dagger.
* * * LOW HITPOINT WARNING * * *
You hear some strange, mumbled words.
A puff of flame appears from out of thin air!
The puff of flame hits you. You resist.
* * * LOW HITPOINT WARNING * * *
The orc hits you but does no damage.
A red film seems to cover your vision as you go berserk!
You feel yourself moving faster!
You feel mighty! The orc barely misses you. Something hits you.
* * * LOW HITPOINT WARNING * * *
The orc closely misses you.
You miss something. The orc hits you with a +0 flail.
* * * LOW HITPOINT WARNING * * *
The orc closely misses you. Something hits you.
* * * LOW HITPOINT WARNING * * *
You miss something. The orc hits you with a +0 dagger.
* * * LOW HITPOINT WARNING * * *
The orc barely misses you. Something hits you but does no damage.
You barely miss something. The orc barely misses you.
The orc hits you with a +0 dagger.
* * * LOW HITPOINT WARNING * * *
You hear some strange, mumbled words.
A magic dart appears from out of thin air!
The magic dart hits you!
You die...

##...... #......#
####......# #
##.........# #
##.#
#..........#..
#....#..<.........
..................
..........oo.###
.........#{@.#
#......#####.#
....... ..#
.....## ...# .....
#.... ..... #....
.. ..#.. ..##.


You could see 2 orcs.

Vanquished Creatures
  An orc warrior (D:4)
  A jelly (D:4)
  5 adders
  An ufetubus (D:5)
  2 worms (D:2)
  A dart slug (D:1)
  9 orcs
  5 endoplasms
  5 giant cockroaches
  4 goblins
  4 hobgoblins
  4 jackals (D:4)
  5 kobolds
  A quokka (D:1)
  3 ball pythons
  3 bats (D:3)
  A frilled lizard (D:2)
  9 rats
64 creatures vanquished.

Notes
Turn   | Place    | Note
-------+----------+-------------------------------------------
     0 | D:1      | monsoonserge the Troll Berserker began the quest for the
                  | Orb.
     0 | D:1      | Reached XP level 1. HP: 22/22 MP: 0/0
   576 | D:1      | Reached XP level 2. HP: 29/29 MP: 1/1
   771 | D:2      | Reached skill level 3 in Maces & Flails
  1009 | D:2      | Reached XP level 3. HP: 36/36 MP: 2/2
  1115 | D:2      | Found a glowing silver altar of Zin.
  1364 | D:3      | Reached XP level 4. HP: 29/44 MP: 3/3
  1476 | D:3      | Reached ** piety under Trog
  2034 | D:4      | Reached skill level 1 in Axes
  2034 | D:4      | Reached XP level 5. HP: 52/52 MP: 4/4
  2088 | D:4      | Noticed an orc warrior
  2098 | D:4      | Killed an orc warrior
  2099 | D:4      | Reached skill level 4 in Maces & Flails
  2382 | D:4      | Identified the +0 robe of Defence {Archmagi}
  2911 | D:5      | Entered Level 5 of the Dungeon
  2934 | D:5      | Killed from afar by an orc wizard

Illustrated notes

Levels and vault maps discovered:
D:1:      scummos_arrival_gate, layout_basic, minmay_pentomino_p4
D:2:      kennysheep_big_flooded_room, layout_basic, basic_altar
D:3:      layout_rooms
D:4:      layout_basic
D:5:      layout_cave_pools, minmay_temple_entry_junction,
          uniq_crazy_yiuf_cottage

Skill      XL: |  1  2  3  4  5 |
---------------+----------------+-----
Maces & Flails | 3 4 |  4.1
Dodging        | 3 |  3.2
Axes           | 1 |  1.9
Fighting       | 3 |  3.1
Throwing       | |  0.4
Stealth        | |  0.4

Action                     |  1- 3 |  4- 6 || total
---------------------------+-------+-------++-------
  Melee: Mace              |    85 |     1 ||    86
         Punch             |     1 |     1 ||     2
         Flail             |       |    57 ||    57
         War axe           |       |    32 ||    32
  Throw: Boomerang         |       |     7 ||     7
 Invoke: Berserk           |     1 |     2 ||     3
   Stab: Sleeping          |     2 |       ||     2
 Armour: Animal skin       |    29 |    29 ||    58
         Robe              |       |    15 ||    15
  Dodge: Dodged            |    52 |    66 ||   118
